 Dungeon Crawl Stone Soup version 0.29.1-2-gbd0b4ee654 (webtiles) character file.

Game seed: 10969800906699205198

15 H0rd4k the Charlatan (level 2, -1/19 HPs)
             Began as an Octopode Artificer on Nov 15, 2022.
             Frozen to death by an endoplasm (4 damage)
             ... on level 1 of the Dungeon.
             The game lasted 00:00:39 (947 turns).

H0rd4k the Charlatan (Octopode Artificer)            Turns: 947, Time: 00:00:40

Health: -1/19      AC:  1    Str: 11    XL:     2   Next: 50%
Magic:  3/3        EV: 13    Int: 13    God:
Gold:   50         SH:  0    Dex: 12    Spells: 3/3 levels left

rFire   . . .      SeeInvis .   (no weapon)
rCold   . . .      Faith    .   (no shield)
rNeg    . . .      Spirit   .   (helmet restricted)
rPois   .          Reflect  .   (no amulet)
rElec   .          Harm     .   (no ring)
rCorr   .          Rampage  .   (no ring)
Will    .....                   (no ring)
Stlth   +++.......              (no ring)
HPRegen 0.06/turn               (no ring)
MPRegen 0.08/turn               (no ring)
                                (no ring)
                                (no ring)

@: no status effects
A: almost no armour, amphibious, 8 rings, camouflage 1, gelatinous body 1,
(nimble swimmer 1), tentacles
a: no special abilities


You were on level 1 of the Dungeon.
You visited 1 branch of the dungeon, and saw 1 of its levels.

You collected 50 gold pieces.

Inventory:

Wands
 b - a wand of flame (15) (quivered)
 c - a wand of charming (15)
 d - a wand of iceblast (5)
Scrolls
 a - a scroll of noise {unknown}
 e - a scroll of fear {unknown}
 f - a scroll of silence {unknown}
 g - a scroll of enchant armour {unknown}
 i - a scroll of identify {unknown}
Potions
 h - a potion of curing {unknown}


   Skills:
 * Level 1.7 Fighting
 - Level 2.3 Dodging
 - Level 1.3 Stealth
 + Level 0.1 Unarmed Combat
 * Level 1.1 Spellcasting
 - Level 3.2 Evocations


You had 3 spell levels left.
You didn't know any spells.
Your spell library was empty.

Dungeon Overview and Level Annotations

Branches:
Dungeon (1/15)

Altars:


Innate Abilities, Weirdness & Mutations

You cannot wear most types of armour.
You are amphibious.
You can wear up to eight rings at the same time.
Your skin changes colour to match your surroundings (Stealth+).
Your rubbery body absorbs attacks. (AC +1, EV +1)
((You are camouflaged when in or above water. (Stealth+)))
You have tentacles for arms and can constrict up to eight enemies at once.


Message History

You tentacle-slap the endoplasm but do no damage.
The endoplasm freezes you.
You are frozen.
There are monsters nearby!
You tentacle-slap the endoplasm.
The endoplasm is moderately wounded.
The endoplasm misses you.
There are monsters nearby!
You tentacle-slap the endoplasm.
The endoplasm is heavily wounded.
The goblin shouts!
The endoplasm misses you. The frilled lizard bites you.
You tentacle-slap the endoplasm but do no damage.
The endoplasm is heavily wounded.
The endoplasm freezes you.
You are frozen.
The frilled lizard barely misses you.
You tentacle-slap the endoplasm.
The endoplasm is severely wounded.
The endoplasm freezes you.
You are frozen.
The frilled lizard misses you.
You are too injured to fight recklessly!
The frilled lizard bites you.
* * * LOW HITPOINT WARNING * * *
You tentacle-slap the endoplasm but do no damage.
The endoplasm is severely wounded.
The endoplasm hits you.
* * * LOW HITPOINT WARNING * * *
You tentacle-slap the endoplasm.
You kill the endoplasm!
You tentacle-slap the goblin. Your grab misses the goblin.
The goblin is severely wounded.
The goblin hits you with a +0 dagger.
* * * LOW HITPOINT WARNING * * *
You barely miss the goblin. You grab the goblin. You tentacle-slap the goblin.
You kill the goblin!
You tentacle-slap the endoplasm.
The endoplasm is lightly wounded.
The endoplasm freezes you.
You are frozen.
You die...

#.....###..>.................(.
#.......#.#####...#############
#...).#.#.# ##### #.....#.#.#
###### #.....#...#########
#..... #.....###.........#
#..... ####.#............#
#..... #.#.[.#........# #.....
#.#.#.###..@### #.....
#.#.#.....#J###### #...).
#+#####...#l.....# ######
..........#......# ###
....####.##$....># #.. ..
#.##.###### #.. #.##.# ##8
#.##.# #. #..... ###.


You could see an endoplasm and a frilled lizard.

Vanquished Creatures
  3 endoplasms (D:1)
  3 goblins (D:1)
  A quokka (D:1)
  2 bats (D:1)
  3 kobolds (D:1)
  A rat (D:1)
13 creatures vanquished.

Notes
Turn   | Place    | Note
-------+----------+-------------------------------------------
     0 | D:1      | H0rd4k the Octopode Artificer began the quest for the Orb.
     0 | D:1      | Reached XP level 1. HP: 13/13 MP: 1/1
   328 | D:1      | Reached XP level 2. HP: 9/18 MP: 1/3
   475 | D:1      | Found a faded altar of an unknown god.
   505 | D:1      | Reached skill level 1 in Spellcasting
   947 | D:1      | Frozen to death by an endoplasm

Illustrated notes

Levels and vault maps discovered:
D:1:      psy_arrival_heroes, layout_basic, basic_ecumenical_altar

Skill      XL: |  1  2 |
---------------+-------+-----
Spellcasting   | 1 |  1.1
Fighting       | |  1.7
Dodging        | |  2.3
Stealth        | |  1.3
Unarmed Combat | |  0.1
Evocations     | |  3.2

Action                   || total
-------------------------++-------
Melee: Unarmed           ||    42
       Constrict         ||    13
       Tentacles         ||    11
       Punch             ||     1
 Stab: Sleeping          ||     1
Armor: Skin              ||     8
Dodge: Dodged            ||    27
